 Dungeon Crawl Stone Soup version 0.32-a0-172-gc5dd13f2a7 (webtiles) character file.

Game seed: 11375007124986386885

483 SmokeWeed the Shield-Bearer (level 7, -5/60 HPs)
             Began as a Gnoll Fighter on Feb 12, 2024.
             Slain by a gnoll
             ... wielding a +0 halberd
              (12 damage)
             ... on level 4 of the Dungeon.
             The game lasted 00:07:09 (2325 turns).

SmokeWeed the Shield-Bearer (Gnoll Fighter)         Turns: 2325, Time: 00:07:10

Health: -5/60      AC: 11    Str: 16    XL:     7   Next: 12%
Magic:  10/10      EV:  9    Int:  9    God:
Gold:   216        SH:  5    Dex: 11    Spells: 7/10 levels left

rFire   . . .        p - +4 hand axe (vamp)
rCold   . . .        c - +0 buckler
rNeg    . . .        b - +0 scale mail
rPois   .            (no helmet)
rElec   .            (no cloak)
rCorr   .            (no gloves)
SInv    .            (no boots)
Will    .....        (no amulet)
Stlth   +            t - +4 ring of protection
HPRegen 0.30/turn    (no ring)
MPRegen 0.12/turn

%: no passive effects
@: no status effects
A: fangs 1, strong nose, distributed training
a: no special abilities


You were on level 4 of the Dungeon.
You visited 1 branch of the dungeon, and saw 4 of its levels.

You collected 216 gold pieces.

Inventory:

Hand Weapons
 a - a +0 trident
 p - a +4 vampiric hand axe (weapon)
Missiles
 r - 2 boomerangs (quivered)
 s - 3 poisoned darts
Armour
 b - a +0 scale mail (worn)
 c - a +0 buckler (worn)
Magical Staves
 u - a staff of cold
Jewellery
 t - a +4 ring of protection (left hand)
Scrolls
 f - a scroll of enchant weapon {unknown}
 h - a scroll of vulnerability {unknown}
 j - 3 scrolls of amnesia {unknown}
 n - 3 scrolls of teleportation {unknown}
Potions
 d - a potion of might
 e - 2 potions of curing {unknown}
 g - 2 potions of haste {unknown}
 i - 2 potions of lignification {unknown}
 k - 3 potions of magic {unknown}
 l - a potion of heal wounds {unknown}
 m - a potion of enlightenment {unknown}
 o - 2 potions of resistance {unknown}
 q - 2 potions of berserk rage {unknown}
 v - a potion of degeneration {unknown}


   Skills:
 + Level 7.0 Fighting
 + Level 2.3 Short Blades
 + Level 2.3 Long Blades
 + Level 2.3 Axes
 + Level 2.3 Maces & Flails
 + Level 5.2 Polearms
 + Level 2.3 Staves
 + Level 2.3 Ranged Weapons
 + Level 2.3 Throwing
 + Level 7.0 Armour
 + Level 2.3 Dodging
 + Level 2.3 Stealth
 + Level 7.0 Shields
 + Level 2.3 Unarmed Combat
 + Level 2.3 Spellcasting
 + Level 1.9 Conjurations
 + Level 1.9 Hexes
 + Level 1.9 Summonings
 + Level 1.9 Necromancy
 + Level 1.9 Translocations
 + Level 1.9 Fire Magic
 + Level 1.9 Ice Magic
 + Level 1.9 Air Magic
 + Level 1.9 Earth Magic
 + Level 1.9 Alchemy
 + Level 2.6 Invocations
 + Level 2.3 Evocations
 + Level 2.1 Shapeshifting


You had 7 spell levels left.
You knew the following spells:

 Your Spells              Type           Power      Damage    Failure   Level
a - Mephitic Cloud        Conj/Alch/Air  4%         N/A       86%         3

Your spell library contained the following spells:

 Spells                   Type           Power      Damage    Failure   Level
 Mercury Vapours          Alch/Air       8%         N/A       65%         2
 Fugue of the Fallen      Necr           4%         N/A       86%         3
 Ozocubu's Armour         Ice            4%         N/A       86%         3
 Manifold Assault         Tloc           4%         N/A       99%         4
 Freezing Cloud           Conj/Ice/Air   2%         6-21      100%        5


Dungeon Overview and Level Annotations

Branches:
Dungeon (4/15)
 Temple: D:4-7

Altars:

Shops:
D:1 **?*   D:2 (


Innate Abilities, Weirdness & Mutations

You have very sharp teeth.
Your uncanny sense of smell can sniff out nearby items.
Your experience applies equally to all skills.


Message History

You barely miss the gnoll.
The gnoll is severely wounded.
You hit the gnoll.
You kill the gnoll!
You block the gnoll's attack. The gnoll barely misses you.
You hit the gnoll.
You feel better.
The gnoll is almost dead.
The gnoll hits you from afar with a +0 halberd.
You hit the gnoll.
You feel better.
You kill the gnoll!
The gnoll hits you from afar with a +0 halberd!
The gnoll hits you but does no damage. The gnoll hits you with a +0 halberd.
You see here a +0 heavy flail.
You hit the gnoll but do no damage. The gnoll hits you with a +0 halberd.
You hit the gnoll.
The gnoll is heavily wounded.
The gnoll closely misses you.
You hit the gnoll.
You feel better.
The gnoll is severely wounded.
You block the gnoll's attack.
You closely miss the gnoll.
The gnoll is severely wounded.
The gnoll hits you with a +0 halberd!
* * * LOW HITPOINT WARNING * * *
The gnoll barely misses you.
You barely miss the gnoll.
The gnoll is severely wounded.
You block the gnoll's attack.
You hit the gnoll.
The gnoll is almost dead.
The gnoll hits you with a +0 halberd.
* * * LOW HITPOINT WARNING * * *
You closely miss the gnoll. Your bite misses the gnoll.
The gnoll is almost dead.
The gnoll closely misses you.
You closely miss the gnoll.
The gnoll is almost dead.
The gnoll hits you with a +0 halberd!
You die...

......#...+......#
......##'##......#
#+###.†..........#
∆ +............#
#............######
#......#####......#
#......# +......#
######## #.)....# ∆
#@)....# #g.....#
#......+ #......#
#......# #......#
#......# #......#


You could see a gnoll.

Vanquished Creatures
  Sigmund (D:2)
  A centaur (D:3)
  A scorpion (D:4)
  Natasha (twice) (D:3)
  3 gnolls (D:4)
  2 adders
  3 dart slugs
  2 ribbon worms
  4 orcs (D:2)
  7 endoplasms
  A giant cockroach (D:2)
  12 goblins
  10 hobgoblins
  5 jackals (D:1)
  6 kobolds
  A quokka (D:3)
  8 bats
  2 frilled lizards (D:2)
  6 rats
77 creatures vanquished.

Notes
Turn   | Place    | Note
-------+----------+-------------------------------------------
     0 | D:1      | SmokeWeed the Gnoll Fighter began the quest for the Orb.
     0 | D:1      | Reached XP level 1. HP: 23/23 MP: 1/1
     2 | D:1      | Found Puweschi's Assorted Antiques.
    71 | D:1      | Reached XP level 2. HP: 26/29 MP: 2/2
   227 | D:1      | Found Rymogrol's Magic Scroll Shoppe.
   307 | D:1      | Reached XP level 3. HP: 35/35 MP: 3/3
   353 | D:1      | Found Iwadum's General Store.
   513 | D:1      | Found Kirchi Fary's Assorted Antiques.
   557 | D:1      | Reached skill level 1 in Invocations
   568 | D:1      | Learned a level 3 spell: Mephitic Cloud
   768 | D:2      | Found Xayxiopi's Antique Weapon Shoppe.
   917 | D:2      | Reached skill level 1 in Short Blades
   917 | D:2      | Reached skill level 1 in Long Blades
   917 | D:2      | Reached skill level 1 in Axes
   917 | D:2      | Reached skill level 1 in Maces & Flails
   917 | D:2      | Reached skill level 1 in Staves
   917 | D:2      | Reached skill level 1 in Ranged Weapons
   917 | D:2      | Reached skill level 1 in Throwing
   917 | D:2      | Reached skill level 1 in Dodging
   917 | D:2      | Reached skill level 1 in Stealth
   917 | D:2      | Reached skill level 1 in Unarmed Combat
   917 | D:2      | Reached skill level 1 in Spellcasting
   917 | D:2      | Reached skill level 1 in Evocations
  1058 | D:2      | Reached skill level 1 in Shapeshifting
  1058 | D:2      | Reached XP level 4. HP: 30/41 MP: 5/5
  1134 | D:2      | Noticed Sigmund
  1160 | D:2      | Killed Sigmund
  1161 | D:2      | Reached skill level 1 in Conjurations
  1161 | D:2      | Reached skill level 1 in Hexes
  1161 | D:2      | Reached skill level 1 in Summonings
  1161 | D:2      | Reached skill level 1 in Necromancy
  1161 | D:2      | Reached skill level 1 in Translocations
  1161 | D:2      | Reached skill level 1 in Fire Magic
  1161 | D:2      | Reached skill level 1 in Ice Magic
  1161 | D:2      | Reached skill level 1 in Air Magic
  1161 | D:2      | Reached skill level 1 in Earth Magic
  1161 | D:2      | Reached skill level 1 in Alchemy
  1161 | D:2      | Reached XP level 5. HP: 24/47 MP: 5/7
  1161 | D:2      | Reached XP level 6. HP: 27/53 MP: 5/8
  1447 | D:3      | Noticed Natasha
  1459 | D:3      | Killed Natasha
  1460 | D:3      | Reached skill level 5 in Polearms
  1517 | D:3      | Found a faded altar of an unknown god.
  1720 | D:3      | Noticed Natasha
  1732 | D:3      | Killed Natasha
  2276 | D:4      | Reached XP level 7. HP: 47/60 MP: 10/10
  2325 | D:4      | Slain by a gnoll

Illustrated notes

Levels and vault maps discovered:
D:1:      giann_bridges, layout_loops_cross, serial_shops,
          nicolae_lakefront_shop, shop, nicolae_shop_overgrown_old_shop,
          nicolae_shop_tiny_glass, minmay_gold_behind_fungi, minmay_box_of_dots
D:2:      layout_rooms, serial_shops, shop, kennysheep_generic_room_9,
          uniq_sigmund
D:3:      minmay_skewed_foursquare, layout_basic,
          hellmonk_ecumenical_altar_slurped_away, kennysheep_generic_room_2,
          uniq_natasha
D:4:      minmay_wonky_spiral, layout_gridville

Skill      XL: |  1  2  3  4  5  6 |
---------------+-------------------+-----
Invocations    | 1 2 |  2.6
Short Blades   | 1 2 |  2.3
Long Blades    | 1 2 |  2.3
Axes           | 1 2 |  2.3
Maces & Flails | 1 2 |  2.3
Staves         | 1 2 |  2.3
Ranged Weapons | 1 2 |  2.3
Throwing       | 1 2 |  2.3
Dodging        | 1 2 |  2.3
Stealth        | 1 2 |  2.3
Unarmed Combat | 1 2 |  2.3
Spellcasting   | 1 2 |  2.3
Evocations     | 1 2 |  2.3
Shapeshifting  | 1 2 |  2.1
Conjurations   | 1 |  1.9
Hexes          | 1 |  1.9
Summonings     | 1 |  1.9
Necromancy     | 1 |  1.9
Translocations | 1 |  1.9
Fire Magic     | 1 |  1.9
Ice Magic      | 1 |  1.9
Air Magic      | 1 |  1.9
Earth Magic    | 1 |  1.9
Alchemy        | 1 |  1.9
Polearms       | 5 |  5.2
Fighting       | 7 |  7.0
Armour         | 7 |  7.0
Shields        | 7 |  7.0

Action                     |  1- 3 |  4- 6 |  7- 9 || total
---------------------------+-------+-------+-------++-------
  Melee: Trident           |   151 |       |       ||   151
         Bite              |     7 |     6 |     1 ||    14
         Hand axe          |       |    97 |    21 ||   118
  Throw: Boomerang         |       |     2 |       ||     2
 Armour: Scale mail        |    53 |   108 |    19 ||   180
  Dodge: Dodged            |    40 |    60 |    12 ||   112
  Block: Buckler           |    34 |    28 |     6 ||    68

Table legend: (Time is in decaauts)
 A = Elapsed time spent in this place.
 B = Non-inter-level travel time spent in this place.
 C = Inter-level travel time spent in this place.
 D = Time resting spent in this place.
 E = Time spent auto-exploring this place.
 F = Levels seen in this place.
 G = Mean time per level.
                   A        B        C        D        E       F      G
               +--------+--------+--------+--------+--------+-----+--------+
         Total |   2385 |   2265 |    120 |      5 |   1469 |   4 |  596.2 |
       Dungeon |   2385 |   2265 |    120 |      5 |   1469 |   4 |  596.2 |
               +--------+--------+--------+--------+--------+-----+--------+

Top non-repeatable levels by time:
     D:3: 831 daAuts
     D:1: 782 daAuts
     D:2: 678 daAuts
     D:4: 92 daAuts
